 Dungeon Crawl Stone Soup version 0.31.0-4-g52a2dc7128 (webtiles) character file.

Game seed: 14417520114663499986

27168 ymhsbmbesitwf the Severer (level 13, -1/127 HPs)
             Began as a Minotaur Fighter on Jan 21, 2024.
             Was an Elder of the Shining One.
             Incinerated by a deep elf pyromancer (14 damage)
             ... with a pyre arrow
             ... on level 12 of the Dungeon.
             The game lasted 00:26:15 (9555 turns).

ymhsbmbesitwf the Severer (Minotaur Fighter)        Turns: 9555, Time: 00:26:16

Health: -1/127     AC: 24    Str: 32    XL:     13   Next: 2%
Magic:  12/12      EV: 10    Int:  5    God:    the Shining One [****..]
Gold:   2166       SH: 11    Dex: 10    Spells: 12/12 levels left

rFire   . . .        a - +0 broad axe
rCold   . . .        c - +0 buckler
rNeg    + + .        r - +0 plate armour
rPois   .            R - +1 hat
rElec   .            L - +0 cloak
rCorr   .            I - +0 pair of gloves
SInv    .            K - +1 pair of boots {Fly}
Will    .....        N - amulet of reflection Stlth
                     j - +6 ring of strength
HPRegen 0.41/turn    y - +4 ring of protection
MPRegen 0.13/turn

%: reflection
@: on fire, flying, glowing
A: horns 2, retaliatory headbutt
a: Renounce Religion, Divine Shield, Cleansing Flame


You were on level 12 of the Dungeon.
You worshipped the Shining One.
The Shining One was greatly pleased with you.
You visited 2 branches of the dungeon, and saw 13 of its levels.
You also visited: Bailey.

You collected 2166 gold pieces.

Inventory:

Hand Weapons
 a - a +0 broad axe (weapon)
 b - a +7 antimagic spear
Missiles
 m - 23 boomerangs (quivered)
 F - 8 throwing nets
 O - 2 silver javelins
Armour
 c - a +0 buckler (worn)
 r - a +0 plate armour (worn)
 w - a +0 ring mail of poison resistance
 I - a +0 pair of gloves (worn)
 K - a +1 pair of boots of flying (worn)
 L - a +0 cloak (worn)
 R - a +1 hat (worn)
 U - the +1 leather armour of the Fletcher {rElec rC- Int+2 Slay+4}
   (You found it on level 10 of the Dungeon)

   Int+2:     It affects your intelligence (+2).
   Slay+4:    It affects your accuracy & damage with ranged weapons and melee
   (+4).
   rC-:       It makes you vulnerable to cold.
   rElec:     It insulates you from electricity.
Jewellery
 j - a +6 ring of strength (left hand)
 n - a ring of ice
 o - a ring of flight
 t - a ring of protection from fire
 v - an amulet of regeneration
 y - a +4 ring of protection (right hand)
 z - a ring of protection from fire
 M - a +5 ring of evasion
 N - an amulet of reflection (around neck)
Wands
 l - a wand of flame (35)
 s - a wand of paralysis (2)
 x - a wand of polymorph (20)
 D - a wand of iceblast (40)
 Q - a wand of light (7)
Scrolls
 e - a scroll of enchant weapon
 h - 8 scrolls of teleportation
 k - a scroll of enchant armour
 B - a scroll of noise {unknown}
 C - a scroll of immolation {unknown}
 H - 2 scrolls of revelation
 P - a scroll of brand weapon {unknown}
 S - a scroll of fog {unknown}
 T - a scroll of amnesia {unknown}
 V - a scroll of blinking {unknown}
Potions
 d - a potion of resistance {unknown}
 f - 3 potions of heal wounds
 g - a potion of berserk rage {unknown}
 i - a potion of lignification {unknown}
 q - 2 potions of attraction
 u - 6 potions of curing
 A - 2 potions of mutation
 E - a potion of haste {unknown}
 G - 4 potions of enlightenment
 J - a potion of cancellation {unknown}
Miscellaneous
 p - a tin of tremorstones (2/2)


   Skills:
 * Level 15.5 Fighting
 * Level 15.5 Axes
 + Level 9.6 Armour
 + Level 8.5 Dodging
 + Level 9.4 Shields


You had 12 spell levels left.
You didn't know any spells.
Your spell library contained the following spells:

 Spells                   Type           Power      Damage    Failure   Level
 Foxfire                  Conj/Fire      0%         2x1d4     98%         1
 Magic Dart               Conj           0%         1d3       98%         1
 Searing Ray              Conj           0%         2d4       99%         2
 Sublimation of Blood     Necr           0%         N/A       99%         2
 Inner Flame              Hex/Fire       0%         N/A       100%        3
 Summon Ice Beast         Ice/Summ       0%         N/A       100%        3
 Anguish                  Hex/Necr       0%         N/A       100%        4
 Flame Wave               Conj/Fire      0%         2d4       100%        4
 Fulminant Prism          Conj/Alch      0%         3d5       100%        4
 Petrify                  Alch/Erth      0%         N/A       100%        4
 Sticky Flame             Fire/Alch      0%         2d4       100%        4
 Irradiate                Conj/Alch      0%         3d11      100%        5
 Summon Mana Viper        Hex/Summ       0%         N/A       100%        5
 Dispersal                Tloc           0%         N/A       100%        6
 Plasma Beam              Fire/Air       0%         2x1d10    100%        6
 Starburst                Conj/Fire      0%         6d3       100%        6
 Malign Gateway           Summ/Tloc      0%         N/A       100%        7
 Monstrous Menagerie      Summ           0%         N/A       100%        7


Dungeon Overview and Level Annotations

Branches:
Dungeon (12/15)            Temple (1/1) D:7            Lair (0/5) D:9
    Orc (0/2) D:12         Bailey (visited)

Altars:
Ashenzari
Cheibriados
Dithmenos
Elyvilon
Fedhas
Gozag
Hepliaklqana
Kikubaaqudgha
Makhleb
Nemelex Xobeh
Okawaru
Qazlal
Ru
Sif Muna
Trog
Uskayaw
Vehumet
Wu Jian
Xom
Yredelemnul
Zin
The Shining One

Shops:
D:1 :   D:10 *

Portals:
Trove: D:10 (give 7 scrolls of fear)


Innate Abilities, Weirdness & Mutations

You have a pair of horns on your head.
You reflexively headbutt those who attack you in melee.


Message History

* * * LOW HITPOINT WARNING * * *
The deep elf pyromancer points at you and mumbles some strange words.
The pyre arrow hits you.
You are even more covered in intense liquid fire!
Things that are here:
a +0 long sword; an elf corpse You shake off some of the fire as you move.
The liquid fire burns you!
* * * LOW HITPOINT WARNING * * *
You enter a dispersal trap!
The deep elf pyromancer blinks!
The deep elf zephyrmancer blinks!
You blink.
You shake off some of the fire as you move.
The liquid fire burns you!
* * * LOW HITPOINT WARNING * * *
The deep elf pyromancer hits you but does no damage.
You barely miss the deep elf pyromancer.
The liquid fire burns you!
* * * LOW HITPOINT WARNING * * *
You slash the deep elf pyromancer!
The deep elf pyromancer is moderately wounded.
The liquid fire burns you!
* * * LOW HITPOINT WARNING * * *
The deep elf pyromancer hits you but does no damage.
You slice the deep elf pyromancer!!
The deep elf pyromancer is almost dead.
The liquid fire burns you!
* * * LOW HITPOINT WARNING * * *
The deep elf pyromancer gestures at you while chanting.
The pyre arrow hits you.
You are even more covered in intense liquid fire!
You slice the deep elf pyromancer!!
You kill the deep elf pyromancer!
The liquid fire burns you!
* * * LOW HITPOINT WARNING * * *
You feel much better. The liquid fire burns you!
* * * LOW HITPOINT WARNING * * *
You shake off some of the fire as you move.
The liquid fire burns you!
You die...

#........ #e.......
#############)......#
#...........)####+###
#............#
#.....))..^..#
#.)......)...#
#......).....#
#........@...#
###+######'#####
#.............#
#.............#
#.............+
#<...##########
#....##....#
#..........#
#..........#


You could see a deep elf zephyrmancer.

Vanquished Creatures
  2 rakshasas (D:8)
  Harold (D:11)
  A boulder beetle (D:11)
  8 two-headed ogres
  The ghost of Sapher the Geomancer, a novice OpEE of Cheibriados (D:9)
  3 deep elf pyromancers (D:12)
  An orc knight (Bailey)
  An ugly thing (D:12)
  3 deep elf zephyrmancers (D:12)
  Joseph (D:7)
  A gargoyle (D:8)
  A rime drake (D:9)
  An unseen horror (D:12)
  Jeremiah (D:8)
  5 kobold demonologists (D:11)
  4 trolls
  Grinder (D:3)
  Prince Ribbit (D:8)
  A wraith (D:10)
  9 shadows
  2 wyverns
  6 vampires (D:8)
  13 yaks (D:11)
  10 vampire mosquitoes
  3 steam dragons
  2 acid dragons
  A water moccasin (D:7)
  6 ice beasts
  5 orc warriors
  A boggart (D:8)
  2 black bears
  3 wolves (D:9)
  7 ogres
  7 centaurs
  2 phantoms
  6 kobold brigands
  2 gnoll sergeants
  2 bullfrogs (D:8)
  3 scorpions
  8 wights
  7 howler monkeys
  4 hounds
  A lava snake (D:10)
  11 orc priests
  3 bombardier beetles
  3 gnoll boudas
  Jessica (D:3)
  2 iguanas
  6 orc wizards
  Robin (D:2)
  10 adders
  34 gnolls
  A shadow imp (D:8)
  3 ribbon worms
  4 dart slugs
  28 orcs
  4 bats
  5 endoplasms
  12 giant cockroaches
  16 goblins
  11 hobgoblins
  3 quokkas
  6 ball pythons
  44 kobolds
  3 rats
361 creatures vanquished.

Vanquished Creatures (others)
  Maurice (D:8)
1 creature vanquished.

Grand Total: 362 creatures vanquished

Notes
Turn   | Place    | Note
-------+----------+-------------------------------------------
     0 | D:1      | ymhsbmbesitwf the Minotaur Fighter began the quest for the
                  | Orb.
     0 | D:1      | Reached XP level 1. HP: 19/19 MP: 0/0
    52 | D:1      | Found a faded altar of an unknown god.
    94 | D:1      | Found Seono's Book Shoppe.
   218 | D:1      | Reached XP level 2. HP: 27/27 MP: 1/1
   921 | D:2      | Noticed Robin
   929 | D:1      | Reached skill level 1 in Dodging
  1020 | D:1      | Reached XP level 3. HP: 30/33 MP: 2/2
  1040 | D:2      | Killed Robin
  1157 | D:2      | Reached XP level 4. HP: 41/41 MP: 3/3
  1644 | D:3      | Noticed Grinder
  1655 | D:3      | Killed Grinder
  1656 | D:3      | Reached skill level 5 in Fighting
  1656 | D:3      | Reached skill level 5 in Axes
  1656 | D:3      | Reached XP level 5. HP: 46/50 MP: 4/4
  1656 | D:3      | Reached XP level 6. HP: 53/57 MP: 5/5
  1680 | D:3      | Noticed Jessica
  1697 | D:3      | Killed Jessica
  1984 | D:3      | Identified the +6 long sword of Calamity {drain, rPois
                  | Int+2}
  2702 | D:4      | Found an opulent altar of Gozag.
  2740 | D:4      | Reached XP level 7. HP: 21/64 MP: 6/6
  3222 | D:5      | Entered Level 5 of the Dungeon
  3395 | D:5      | Reached XP level 8. HP: 74/74 MP: 7/7
  3439 | D:5      | Found a burning altar of Makhleb.
  4198 | D:7      | Found a flagged portal.
  4198 | D:7      | Noticed Joseph
  4215 | D:7      | Killed Joseph
  4235 | Bailey   | Entered a bailey
  4307 | Bailey   | Noticed an orc knight
  4458 | Bailey   | Killed an orc knight
  4459 | Bailey   | Reached XP level 9. HP: 56/85 MP: 8/8
  4471 | Bailey   | Reached skill level 5 in Armour
  4477 | Bailey   | Reached skill level 5 in Shields
  4487 | Bailey   | Reached skill level 10 in Fighting
  4487 | Bailey   | Reached skill level 10 in Axes
  4813 | D:7      | Found a shimmering altar of Xom.
  4813 | D:7      | Found a shimmering altar of Xom.
  4813 | D:7      | Found a shimmering altar of Xom.
  4814 | D:7      | Found a shimmering altar of Xom.
  4817 | D:7      | Found a shimmering altar of Xom.
  4819 | D:7      | Found a shimmering altar of Xom.
  4843 | D:7      | Found a staircase to the Ecumenical Temple.
  4859 | Temple   | Found a transporter.
  4859 | Temple   | Found a transporter.
  4859 | Temple   | Found a transporter.
  4859 | Temple   | Found a transporter.
  4859 | Temple   | Entered the Ecumenical Temple
  4875 | Temple   | Became a worshipper of the Shining One
  5214 | D:8      | Noticed Maurice
  5229 | D:8      | Something stole a tin of tremorstones (2/2)
  5236 | D:8      | Killed Maurice
  5434 | D:8      | Reached skill level 5 in Dodging
  5471 | D:8      | Reached XP level 10. HP: 24/94 MP: 9/9
  5477 | D:8      | Reached * piety under the Shining One
  5573 | D:8      | Noticed a rakshasa
  5573 | D:8      | Noticed a rakshasa
  5585 | D:8      | Killed a rakshasa
  5590 | D:8      | Killed a rakshasa
  5593 | D:8      | Found a shadowy altar of Dithmenos.
  5608 | D:8      | Got the Elucidation of Nonlocality and Ill Luck
  5734 | D:8      | Noticed a two-headed ogre
  5740 | D:8      | Killed a two-headed ogre
  5765 | D:8      | Noticed Jeremiah
  5782 | D:8      | Killed Jeremiah
  5791 | D:8      | Reached XP level 11. HP: 100/100 MP: 7/10
  5829 | D:8      | Noticed Prince Ribbit
  5842 | D:8      | Killed Prince Ribbit
  5868 | D:8      | Noticed a two-headed ogre
  5877 | D:8      | Killed a two-headed ogre
  5928 | D:8      | Noticed a two-headed ogre
  5935 | D:8      | Killed a two-headed ogre
  6130 | D:8      | Reached ** piety under the Shining One
  6235 | D:8      | Noticed a two-headed ogre
  6244 | D:8      | Killed a two-headed ogre
  6559 | D:9      | Found a staircase to the Lair.
  6596 | D:9      | Found a runed translucent gate.
  6596 | D:9      | Found a runed translucent gate.
  6597 | D:9      | Found a runed translucent gate.
  6601 | D:9      | Noticed Sapher's ghost (novice OpEE)
  6629 | D:9      | Noticed a two-headed ogre
  6642 | D:9      | Killed a two-headed ogre
  7396 | D:9      | Killed Sapher's ghost
  7496 | D:10     | Entered Level 10 of the Dungeon
  7595 | D:10     | Identified the +1 leather armour of the Fletcher {rElec rC-
                  | Int+2 Slay+4}
  7652 | D:10     | Noticed a two-headed ogre
  7659 | D:10     | Killed a two-headed ogre
  7660 | D:10     | Reached XP level 12. HP: 111/117 MP: 11/11
  7752 | D:10     | Reached *** piety under the Shining One
  7765 | D:10     | Found Wusm's Fire Supplies.
  7819 | D:10     | Found an ornate altar of the Wu Jian Council.
  7820 | D:10     | Found a radiant altar of Vehumet.
  7841 | D:10     | Found a portal to a secret trove of treasure.
  8467 | D:11     | Noticed a two-headed ogre
  8473 | D:11     | Killed a two-headed ogre
  8601 | D:11     | Noticed a boulder beetle
  8609 | D:11     | Killed a boulder beetle
  8789 | D:11     | Noticed a two-headed ogre
  8789 | D:11     | Noticed Harold
  8797 | D:11     | Killed a two-headed ogre
  8817 | D:11     | Paralysed by Harold for 2 turns
  8825 | D:11     | Killed Harold
  8826 | D:11     | Reached skill level 15 in Fighting
  8826 | D:11     | Reached skill level 15 in Axes
  9141 | D:11     | Reached **** piety under the Shining One
  9484 | D:12     | Found a staircase to the Orcish Mines.
  9544 | D:12     | Reached XP level 13. HP: 45/127 MP: 12/12
  9553 | D:12     | HP: 2/127 [burnt (9)]
  9555 | D:12     | Incinerated by a deep elf pyromancer

Illustrated notes

Levels and vault maps discovered:
D:1:      lightli_arrival_maybe_door_vault, layout_basic,
          basic_ecumenical_altar, serial_shops, nicolae_book_shop_shelving,
          moated_statue
D:2:      minmay_roachtagon, layout_basic, uniq_robin
D:3:      layout_basic, uniq_jessica, uniq_grinder
D:4:      layout_cave_pools, grunt_gozag_breadcrumbs, kennysheep_generic_room_4
D:5:      layout_cave_pools, mainiacjoe_overflow_catwalk, serial_park,
          serial_park_tiny_pond, serial_park_gazebo
          [serial_park_minivault_5x5_3], serial_park_tiny_1, serial_park_tiny_2,
          serial_park_tiny_1
D:6:      layout_rooms
D:7:      layout_rooms, xom_redecorated, minmay_temple_entry_drinking_statues,
          enter_bailey_2, minivault_27, uniq_joseph
D:8:      regret_index_dithmenos_penumbral_divide, layout_loops_ring,
          kennysheep_decorative_pillar, minmay_stone_trees_small, st_stairs_7,
          uniq_maurice, uniq_jeremiah, uniq_prince_ribbit1
D:9:      layout_gridville, hellmonk_lair_entry_icy, gammafunk_ghost_split
D:10:     layout_irregular_city, nicolae_overflow_two_pavilions, enter_trove_1,
          grunt_ministairs_2, grunt_decor_resistance, minmay_hedge_maze,
          nicolae_shop_fire_sale [nicolae_sub_dead_trees]
D:11:     layout_loops_corners, st_stairs_3, uniq_harold
D:12:     layout_gridville, orc_0_dummy, minmay_misc_feat_nine_boxes,
          minmay_liquid_box, elves_outpost_lemuel
Temple:   hellmonk_temple_divided_pantheon

Skill      XL: |  1  2  3  4  5  6  7  8  9 10 11 12 |
---------------+-------------------------------------+-----
Fighting       | 4 5 6 8 9 10 12 14 15 | 15.5
Axes           | 3 5 6 7 9 10 12 14 15 | 15.5
Dodging        | 1 2 3 4 5 6 7 8 |  8.5
Armour         | 4 6 7 8 9 |  9.6
Shields        | 4 5 7 8 9 |  9.4

Action                     |  1- 3 |  4- 6 |  7- 9 | 10-12 | 13-15 || total
---------------------------+-------+-------+-------+-------+-------++-------
  Melee: War axe           |    45 |    96 |   139 |       |       ||   280
         Headbutt          |     2 |    12 |    63 |   100 |       ||   177
         Unarmed           |       |    12 |       |       |       ||    12
         Hand axe          |       |       |   139 |       |       ||   139
         Broad axe         |       |       |    59 |   382 |     4 ||   445
  Throw: Boomerang         |       |       |    12 |       |       ||    12
 Invoke: Divine Shield     |       |       |       |     1 |       ||     1
    Use: Scroll            |       |       |     7 |     4 |       ||    11
         Potion            |       |       |     1 |     1 |     1 ||     3
   Stab: Confused          |       |     1 |       |       |       ||     1
 Armour: Scale mail        |    61 |       |       |       |       ||    61
         Plate armour      |     6 |    77 |   346 |   254 |     3 ||   686
         Skin              |       |     4 |       |       |       ||     4
  Dodge: Dodged            |    47 |    37 |   151 |   142 |       ||   377
  Block: Buckler           |    13 |    26 |    77 |   170 |       ||   286
         Reflection        |       |       |       |    17 |       ||    17
